Workbook

Sheet Data
A1: Regnr | B1: Namn | C1: Kön | D1: Födelseår | E1: Eget BPH | F1: Avelsvärde Socialitet | G1: Avelsvärde Lekfullhet | H1: Avelsvärde Miljötrygghet | I1: Avelsvärde Hotfullhet | J1: Säkerhet Socialitet | K1: Säkerhet Lekfullhet | L1: Säkerhet Miljötrygghet | M1: Säkerhet Hotfullhet
A2: SE41789/2021 | B2: ABBA | C2: T | D2: 2021 | E2: Nej | F2: 92.104929 | G2: 109.82666 | H2: 96.18095 | J2: 0.32906604 | K2: 0.38577256 | L2: 0.34470911 | M2: 0.28127372
A3: DK13327/2008 | B3: ABINVALE TRAGUARDO | C3: H | D3: 2008 | E3: Nej | F3: 102.89239 | G3: 108.46988 | H3: 104.78177 | I3: 101.7179 | J3: 0.45546251 | K3: 0.51638263 | L3: 0.46905805 | M3: 0.41092251
A4: S62496/2009 | B4: ABNALLS SCARLETT | C4: T | D4: 2009 | E4: Nej | F4: 102.69737 | G4: 100.27886 | H4: 91.303713 | I4: 101.82693 | J4: 0.37151794 | K4: 0.43231034 | L4: 0.38794752 | M4: 0.32646471
A5: PKR.VIII-37149 | B5: ABRAKADABRA COMFORTZONE | C5: T | D5: 2017 | E5: Nej | G5: 85.890181 | J5: 0.26070799 | K5: 0.31173506 | L5: 0.26194724 | M5: 0.19483495
A6: SE44597/2023 | B6: ACKE-SMULTRON | C6: H | D6: 2023 | E6: Nej | G6: 114.41513 | J6: 0.2620887 | K6: 0.31040463 | L6: 0.26822289 | M6: 0.21051346
A7: SE41787/2021 | B7: ACKO | C7: H | D7: 2021 | E7: Ja | F7: 91.341357 | G7: 113.63654 | H7: 98.142663 | I7: 94.539361 | J7: 0.47715951 | K7: 0.56525304 | L7: 0.49539421 | M7: 0.40479494
A8: SE51713/2021 | B8: ADA | C8: T | D8: 2021 | E8: Ja | F8: 103.15873 | G8: 119.36696 | H8: 103.75418 | I8: 99.861386 | J8: 0.5556445 | K8: 0.64403275 | L8: 0.57479233 | M8: 0.43844934
A9: SE35763/2025 | B9: AEGON | C9: H | D9: 2025 | E9: Nej | F9: 116.04286 | G9: 117.77771 | H9: 113.74232 | I9: 92.287705 | J9: 0.37694217 | K9: 0.42903823 | L9: 0.38406116 | M9: 0.34091416
A10: SE35767/2025 | B10: AELINA | C10: T | D10: 2025 | E10: Nej | F10: 116.04286 | G10: 117.77771 | H10: 113.74232 | I10: 92.287705 | J10: 0.37694217 | K10: 0.42903823 | L10: 0.38406116 | M10: 0.34091416
A11: SE41790/2021 | B11: AIJA | C11: T | D11: 2021 | E11: Nej | F11: 92.104929 | G11: 109.82666 | H11: 96.18095 | J11: 0.32906604 | K11: 0.38577256 | L11: 0.34470911 | M11: 0.28127372
A12: SE36934/2016 | B12: AIM HIGH DEBBIE HARRY | C12: T | D12: 2016 | E12: Nej | F12: 106.26792 | G12: 118.18586 | H12: 116.21336 | I12: 89.891785 | J12: 0.37012626 | K12: 0.41292762 | L12: 0.378101 | M12: 0.33697805
A13: S48333/2007 | B13: AIM HIGH GRAND SLAM | C13: T | D13: 2007 | E13: Nej | G13: 111.93964 | J13: 0.25240276 | K13: 0.3291077 | L13: 0.27069314 | M13: 0.1994434
A14: SE36933/2016 | B14: AIM HIGH JOAN JETT | C14: T | D14: 2016 | E14: Nej | F14: 106.26792 | G14: 118.18586 | H14: 116.21336 | I14: 89.891785 | J14: 0.37012626 | K14: 0.41292762 | L14: 0.378101 | M14: 0.33697805
A15: SE36932/2016 | B15: AIM HIGH LEMMY KILMISTER | C15: H | D15: 2016 | E15: Nej | F15: 106.26792 | G15: 118.18586 | H15: 116.21336 | I15: 89.891785 | J15: 0.37012626 | K15: 0.41292762 | L15: 0.378101 | M15: 0.33697805
A16: SE36935/2016 | B16: AIM HIGH LITA FORD | C16: T | D16: 2016 | E16: Ja | F16: 104.94465 | G16: 120.09086 | H16: 116.29474 | I16: 88.566842 | J16: 0.50544254 | K16: 0.58240495 | L16: 0.517899 | M16: 0.46361624
A17: SE40448/2011 | B17: AIM HIGH MAGNUM OPUS | C17: H | D17: 2011 | E17: Nej | F17: 103.82416 | G17: 120.11303 | H17: 117.97467 | J17: 0.31459808 | K17: 0.36570493 | L17: 0.32619439 | M17: 0.2743403
A18: SE40451/2011 | B18: AIM HIGH MANU ET MENTE | C18: T | D18: 2011 | E18: Ja | F18: 100.79529 | G18: 116.30769 | H18: 119.3884 | I18: 83.301893 | J18: 0.46849281 | K18: 0.55468378 | L18: 0.4915126 | M18: 0.40880879
A19: SE40452/2011 | B19: AIM HIGH MANU FORTI | C19: T | D19: 2011 | E19: Nej | F19: 103.16251 | G19: 121.06551 | H19: 118.01537 | I19: 85.20279 | J19: 0.35940871 | K19: 0.41983708 | L19: 0.37173491 | M19: 0.31804618
A20: SE40450/2011 | B20: AIM HIGH MANU PROPRIA | C20: T | D20: 2011 | E20: Nej | F20: 103.82416 | G20: 120.11303 | H20: 117.97467 | J20: 0.31459808 | K20: 0.36570493 | L20: 0.32619439 | M20: 0.2743403
A21: SE40446/2011 | B21: AIM HIGH MARTE MEO | C21: H | D21: 2011 | E21: Nej | F21: 103.82416 | G21: 120.11303 | H21: 117.97467 | J21: 0.31459808 | K21: 0.36570493 | L21: 0.32619439 | M21: 0.2743403
A22: SE40447/2011 | B22: AIM HIGH MIHMET CREDO | C22: H | D22: 2011 | E22: Nej | F22: 103.82416 | G22: 120.11303 | H22: 117.97467 | J22: 0.31459808 | K22: 0.36570493 | L22: 0.32619439 | M22: 0.2743403
A23: SE40449/2011 | B23: AIM HIGH MULTUM IN PARVO | C23: H | D23: 2011 | E23: Nej | F23: 103.82416 | G23: 120.11303 | H23: 117.97467 | J23: 0.31459808 | K23: 0.36570493 | L23: 0.32619439 | M23: 0.2743403
A24: SE32050/2012 | B24: AIM HIGH TOFTS CHASE | C24: H | D24: 2012 | E24: Ja | F24: 102.62083 | G24: 114.22748 | H24: 117.43312 | I24: 88.695359 | J24: 0.39907702 | K24: 0.49957263 | L24: 0.41620809 | M24: 0.34794348
A25: SE38162/2015 | B25: AIME | C25: T | D25: 2015 | E25: Ja | F25: 101.45004 | G25: 134.49742 | H25: 116.187 | I25: 101.65636 | J25: 0.60585751 | K25: 0.67854024 | L25: 0.61470123 | M25: 0.53809568
A26: SE35766/2025 | B26: AJAX | C26: H | D26: 2025 | E26: Nej | F26: 116.04286 | G26: 117.77771 | H26: 113.74232 | I26: 92.287705 | J26: 0.37694217 | K26: 0.42903823 | L26: 0.38406116 | M26: 0.34091416
A27: SE47314/2017 | B27: AKVARELLEN'S ARCTIC OCEAN | C27: H | D27: 2017 | E27: Nej | G27: 89.904617 | J27: 0.27663582 | K27: 0.32599735 | L27: 0.28842284 | M27: 0.22904479
A28: SE47317/2017 | B28: AKVARELLEN'S BLUE OCEAN | C28: H | D28: 2017 | E28: Nej | G28: 89.904617 | J28: 0.27663582 | K28: 0.32599735 | L28: 0.28842284 | M28: 0.22904479
A29: SE47315/2017 | B29: AKVARELLEN'S DEEP OCEAN | C29: H | D29: 2017 | E29: Nej | G29: 89.904617 | J29: 0.27663582 | K29: 0.32599735 | L29: 0.28842284 | M29: 0.22904479
A30: SE47316/2017 | B30: AKVARELLEN'S OCEAN BREEZE | C30: H | D30: 2017 | E30: Nej | G30: 89.904617 | J30: 0.27663582 | K30: 0.32599735 | L30: 0.28842284 | M30: 0.22904479
A31: SE47313/2017 | B31: AKVARELLEN'S OCEAN RACE | C31: H | D31: 2017 | E31: Nej | G31: 89.904617 | J31: 0.27663582 | K31: 0.32599735 | L31: 0.28842284 | M31: 0.22904479
A32: SE29971/2018 | B32: AKVARELLEN'S ONE AND ONLY | C32: T | D32: 2018 | E32: Nej | G32: 100.2522 | H32: 106.11116 | J32: 0.29009862 | K32: 0.34827785 | L32: 0.305229 | M32: 0.23471692
A33: SE38490/2020 | B33: AKVILEJA | C33: T | D33: 2020 | E33: Nej | F33: 93.738133 | G33: 103.74648 | H33: 105.26099 | J33: 0.33714373 | K33: 0.38860689 | L33: 0.34520481 | M33: 0.29441795
A34: SE35772/2025 | B34: ALANNA | C34: T | D34: 2025 | E34: Nej | F34: 116.04286 | G34: 117.77771 | H34: 113.74232 | I34: 92.287705 | J34: 0.37694217 | K34: 0.42903823 | L34: 0.38406116 | M34: 0.34091416
A35: SE35771/2025 | B35: ALERIE | C35: T | D35: 2025 | E35: Nej | F35: 116.04286 | G35: 117.77771 | H35: 113.74232 | I35: 92.287705 | J35: 0.37694217 | K35: 0.42903823 | L35: 0.38406116 | M35: 0.34091416
A36: NO51009/17 | B36: A-LINUS | C36: H | D36: 2017 | E36: Nej | F36: 107.07649 | G36: 123.69334 | H36: 109.62369 | I36: 97.151107 | J36: 0.36239466 | K36: 0.38702979 | L36: 0.36845319 | M36: 0.33517586
A37: SE22330/2011 | B37: ALLABALLATASSENS ANOKI | C37: H | D37: 2011 | E37: Nej | G37: 109.02292 | J37: 0.26844992 | K37: 0.32326651 | L37: 0.28093513 | M37: 0.22347945
A38: SE56629/2011 | B38: ALLABALLATASSENS APPELBY | C38: T | D38: 2011 | E38: Nej | F38: 102.32812 | G38: 105.04036 | H38: 121.62113 | J38: 0.31428452 | K38: 0.35279865 | L38: 0.31982063 | M38: 0.28011223
A39: SE41811/2010 | B39: ALLABALLATASSENS AUSSIE | C39: H | D39: 2010 | E39: Nej | F39: 108.00714 | G39: 107.08464 | H39: 123.49938 | J39: 0.30696639 | K39: 0.35116089 | L39: 0.31128919 | M39: 0.26966174
A40: S51261/2008 | B40: ALLABALLATASSENS BACKYARD BABY | C40: T | D40: 2008 | E40: Nej | F40: 102.32812 | G40: 105.04036 | H40: 121.62113 | J40: 0.31428452 | K40: 0.35279865 | L40: 0.31982063 | M40: 0.28011223
A41: SE56624/2011 | B41: ALLABALLATASSENS BALFOUR | C41: H | D41: 2011 | E41: Nej | F41: 102.32812 | G41: 105.04036 | H41: 121.62113 | J41: 0.31428452 | K41: 0.35279865 | L41: 0.31982063 | M41: 0.28011223
A42: SE56623/2011 | B42: ALLABALLATASSENS BENMORE | C42: H | D42: 2011 | E42: Nej | F42: 102.32812 | G42: 105.04036 | H42: 121.62113 | J42: 0.31428452 | K42: 0.35279865 | L42: 0.31982063 | M42: 0.28011223
A43: S64162/2008 | B43: ALLABALLATASSENS BUBBLOR MOT YTAN | C43: T | D43: 2008 | E43: Nej | F43: 108.00714 | G43: 107.08464 | H43: 123.49938 | J43: 0.30696639 | K43: 0.35116089 | L43: 0.31128919 | M43: 0.26966174
A44: SE41815/2010 | B44: ALLABALLATASSENS CHILL OUT | C44: T | D44: 2010 | E44: Nej | F44: 108.00714 | G44: 107.08464 | H44: 123.49938 | J44: 0.30696639 | K44: 0.35116089 | L44: 0.31128919 | M44: 0.26966174
A45: SE56626/2011 | B45: ALLABALLATASSENS COLLINGWOOD | C45: H | D45: 2011 | E45: Nej | F45: 102.32812 | G45: 105.04036 | H45: 121.62113 | J45: 0.31428452 | K45: 0.35279865 | L45: 0.31982063 | M45: 0.28011223
A46: SE22331/2011 | B46: ALLABALLATASSENS DYAMI | C46: H | D46: 2011 | E46: Nej | G46: 109.02292 | J46: 0.26844992 | K46: 0.32326651 | L46: 0.28093513 | M46: 0.22347945
A47: SE41809/2010 | B47: ALLABALLATASSENS FIREBLOCK | C47: H | D47: 2010 | E47: Nej | F47: 108.00714 | G47: 107.08464 | H47: 123.49938 | J47: 0.30696639 | K47: 0.35116089 | L47: 0.31128919 | M47: 0.26966174
A48: S51258/2008 | B48: ALLABALLATASSENS FOO FIGHTER | C48: H | D48: 2008 | E48: Nej | F48: 102.32812 | G48: 105.04036 | H48: 121.62113 | J48: 0.31428452 | K48: 0.35279865 | L48: 0.31982063 | M48: 0.28011223
A49: S64164/2008 | B49: ALLABALLATASSENS FOTSPÅR I SNÖN | C49: H | D49: 2008 | E49: Nej | F49: 108.00714 | G49: 107.08464 | H49: 123.49938 | J49: 0.30696639 | K49: 0.35116089 | L49: 0.31128919 | M49: 0.26966174
A50: S51260/2008 | B50: ALLABALLATASSENS HAMMERFALL | C50: H | D50: 2008 | E50: Nej | F50: 102.32812 | G50: 105.04036 | H50: 121.62113 | J50: 0.31428452 | K50: 0.35279865 | L50: 0.31982063 | M50: 0.28011223
A51: S51259/2008 | B51: ALLABALLATASSENS HELLA COPTER | C51: H | D51: 2008 | E51: Nej | F51: 102.32812 | G51: 105.04036 | H51: 121.62113 | J51: 0.31428452 | K51: 0.35279865 | L51: 0.31982063 | M51: 0.28011223
A52: S51257/2008 | B52: ALLABALLATASSENS HIVES | C52: H | D52: 2008 | E52: Nej | F52: 102.32812 | G52: 105.04036 | H52: 121.62113 | J52: 0.31428452 | K52: 0.35279865 | L52: 0.31982063 | M52: 0.28011223
A53: SE56627/2011 | B53: ALLABALLATASSENS HOKITIKA | C53: T | D53: 2011 | E53: Nej | F53: 102.32812 | G53: 105.04036 | H53: 121.62113 | J53: 0.31428452 | K53: 0.35279865 | L53: 0.31982063 | M53: 0.28011223
A54: SE22325/2011 | B54: ALLABALLATASSENS KACHINA | C54: T | D54: 2011 | E54: Nej | G54: 109.02292 | J54: 0.26844992 | K54: 0.32326651 | L54: 0.28093513 | M54: 0.22347945
A55: SE22329/2011 | B55: ALLABALLATASSENS KANGEE | C55: H | D55: 2011 | E55: Nej | F55: 88.994475 | G55: 111.49042 | H55: 120.26233 | I55: 112.8873 | J55: 0.51354669 | K55: 0.58586827 | L55: 0.52474887 | M55: 0.45532245
A56: S64159/2008 | B56: ALLABALLATASSENS MAMMAS MIRAKEL | C56: T | D56: 2008 | E56: Ja | F56: 109.89157 | G56: 109.40945 | H56: 129.88158 | I56: 87.758539 | J56: 0.46524168 | K56: 0.54803522 | L56: 0.47078918 | M56: 0.41337208
A57: SE56625/2011 | B57: ALLABALLATASSENS MILTON | C57: H | D57: 2011 | E57: Nej | F57: 102.32812 | G57: 105.04036 | H57: 121.62113 | J57: 0.31428452 | K57: 0.35279865 | L57: 0.31982063 | M57: 0.28011223
A58: SE41813/2010 | B58: ALLABALLATASSENS NOLDE ONE | C58: T | D58: 2010 | E58: Nej | F58: 108.00714 | G58: 107.08464 | H58: 123.49938 | J58: 0.30696639 | K58: 0.35116089 | L58: 0.31128919 | M58: 0.26966174
A59: SE41812/2010 | B59: ALLABALLATASSENS OPAL SPRING | C59: T | D59: 2010 | E59: Nej | F59: 108.00714 | G59: 107.08464 | H59: 123.49938 | J59: 0.30696639 | K59: 0.35116089 | L59: 0.31128919 | M59: 0.26966174
A60: SE56628/2011 | B60: ALLABALLATASSENS OPIO | C60: T | D60: 2011 | E60: Nej | F60: 102.32812 | G60: 105.04036 | H60: 121.62113 | J60: 0.31428452 | K60: 0.35279865 | L60: 0.31982063 | M60: 0.28011223
A61: SE56630/2011 | B61: ALLABALLATASSENS OWAKA | C61: T | D61: 2011 | E61: Nej | F61: 102.32812 | G61: 105.04036 | H61: 121.62113 | J61: 0.31428452 | K61: 0.35279865 | L61: 0.31982063 | M61: 0.28011223
A62: SE22326/2011 | B62: ALLABALLATASSENS PATWIN | C62: H | D62: 2011 | E62: Ja | F62: 86.408792 | G62: 105.99471 | H62: 113.98934 | I62: 100.79157 | J62: 0.4467499 | K62: 0.53735151 | L62: 0.47010073 | M62: 0.39815192
A63: S51263/2008 | B63: ALLABALLATASSENS QUEEN OF STONEAGE | C63: T | D63: 2008 | E63: Nej | F63: 102.32812 | G63: 105.04036 | H63: 121.62113 | J63: 0.31428452 | K63: 0.35279865 | L63: 0.31982063 | M63: 0.28011223
A64: S55831/2003 | B64: ALLABALLATASSENS REDWING AF KIWI | C64: T | D64: 2003 | E64: Nej | F64: 93.08218 | G64: 111.15542 | H64: 117.1865 | J64: 0.30752937 | K64: 0.35917827 | L64: 0.31935197 | M64: 0.26908402
A65: SE41810/2010 | B65: ALLABALLATASSENS ROCKY GULLY | C65: H | D65: 2010 | E65: Nej | F65: 108.00714 | G65: 107.08464 | H65: 123.49938 | J65: 0.30696639 | K65: 0.35116089 | L65: 0.31128919 | M65: 0.26966174
A66: S51262/2008 | B66: ALLABALLATASSENS SAHARA HOTNIGHT | C66: T | D66: 2008 | E66: Nej | F66: 102.32812 | G66: 105.04036 | H66: 121.62113 | J66: 0.31428452 | K66: 0.35279865 | L66: 0.31982063 | M66: 0.28011223
A67: S64161/2008 | B67: ALLABALLATASSENS SMÅTT OCH GOTT | C67: T | D67: 2008 | E67: Nej | F67: 108.00714 | G67: 107.08464 | H67: 123.49938 | J67: 0.30696639 | K67: 0.35116089 | L67: 0.31128919 | M67: 0.26966174
A68: SE22328/2011 | B68: ALLABALLATASSENS TAIMA | C68: H | D68: 2011 | E68: Nej | G68: 109.02292 | J68: 0.26844992 | K68: 0.32326651 | L68: 0.28093513 | M68: 0.22347945
A69: SE56631/2011 | B69: ALLABALLATASSENS TIMARU | C69: T | D69: 2011 | E69: Nej | F69: 102.32812 | G69: 105.04036 | H69: 121.62113 | J69: 0.31428452 | K69: 0.35279865 | L69: 0.31982063 | M69: 0.28011223
A70: S64160/2008 | B70: ALLABALLATASSENS VINTERSAGA | C70: T | D70: 2008 | E70: Nej | F70: 108.00714 | G70: 107.08464 | H70: 123.49938 | J70: 0.30696639 | K70: 0.35116089 | L70: 0.31128919 | M70: 0.26966174
A71: SE22327/2011 | B71: ALLABALLATASSENS WAMBLEE | C71: H | D71: 2011 | E71: Nej | G71: 109.02292 | J71: 0.26844992 | K71: 0.32326651 | L71: 0.28093513 | M71: 0.22347945
A72: SE56622/2011 | B72: ALLABALLATASSENS WINTON | C72: H | D72: 2011 | E72: Nej | F72: 102.32812 | G72: 105.04036 | H72: 121.62113 | J72: 0.31428452 | K72: 0.35279865 | L72: 0.31982063 | M72: 0.28011223
A73: SE41814/2010 | B73: ALLABALLATASSENS YALUMBA | C73: T | D73: 2010 | E73: Nej | F73: 108.00714 | G73: 107.08464 | H73: 123.49938 | J73: 0.30696639 | K73: 0.35116089 | L73: 0.31128919 | M73: 0.26966174
A74: SE41816/2010 | B74: ALLABALLATASSENS YELLOW TAIL | C74: T | D74: 2010 | E74: Nej | F74: 108.00714 | G74: 107.08464 | H74: 123.49938 | J74: 0.30696639 | K74: 0.35116089 | L74: 0.31128919 | M74: 0.26966174
A75: S64163/2008 | B75: ALLABALLATASSENS ÄNGLA GOTT | C75: T | D75: 2008 | E75: Nej | F75: 108.00714 | G75: 107.08464 | H75: 123.49938 | J75: 0.30696639 | K75: 0.35116089 | L75: 0.31128919 | M75: 0.26966174
A76: SE41961/2019 | B76: ALMA | C76: T | D76: 2019 | E76: Nej | G76: 104.78991 | J76: 0.28200056 | K76: 0.32205601 | L76: 0.28874282 | M76: 0.24247517
A77: SE19032/2018 | B77: ALSTERBYGDENS AKKA | C77: T | D77: 2018 | E77: Ja | F77: 116.04461 | G77: 117.49009 | H77: 122.02275 | I77: 86.160534 | J77: 0.54855856 | K77: 0.62223419 | L77: 0.56670615 | M77: 0.49549012
A78: SE45577/2020 | B78: ALSTERBYGDENS BANG BANG | C78: H | D78: 2020 | E78: Ja | F78: 101.51123 | G78: 114.5357 | H78: 119.62281 | I78: 90.674958 | J78: 0.59136527 | K78: 0.65482729 | L78: 0.59539486 | M78: 0.5443822
A79: SE40634/2015 | B79: ALSTERBYGDENS BOLLA OF SKOJ | C79: T | D79: 2015 | E79: Ja | F79: 119.71057 | G79: 123.32417 | H79: 134.9855 | I79: 95.54696 | J79: 0.5829927 | K79: 0.64683762 | L79: 0.59224768 | M79: 0.53199285
A80: SE45576/2020 | B80: ALSTERBYGDENS DJINGIS KHAN | C80: H | D80: 2020 | E80: Ja | F80: 103.27979 | G80: 117.27288 | H80: 119.47255 | I80: 91.423553 | J80: 0.59136527 | K80: 0.65482729 | L80: 0.59931531 | M80: 0.54867743
A81: SE59784/2016 | B81: ALSTERBYGDENS ENDA BLONDIN | C81: T | D81: 2016 | E81: Ja | F81: 109.20599 | G81: 120.74629 | H81: 128.60873 | I81: 90.365834 | J81: 0.6337658 | K81: 0.70546532 | L81: 0.63850117 | M81: 0.57652232
A82: SE40632/2015 | B82: ALSTERBYGDENS FINA OF SKOJ | C82: T | D82: 2015 | E82: Ja | F82: 109.94043 | G82: 112.86521 | H82: 135.43586 | I82: 101.97027 | J82: 0.59698584 | K82: 0.66173237 | L82: 0.60157026 | M82: 0.53993544
A83: SE40638/2015 | B83: ALSTERBYGDENS FLAXMAN OF SKOJ | C83: H | D83: 2015 | E83: Ja | F83: 115.70142 | G83: 123.91898 | H83: 138.22697 | I83: 92.807774 | J83: 0.64862542 | K83: 0.71530158 | L83: 0.65613341 | M83: 0.59180239
A84: SE59785/2016 | B84: ALSTERBYGDENS FRÖKEN FRÄKEN | C84: T | D84: 2016 | E84: Ja | F84: 105.38065 | G84: 124.51285 | H84: 132.54972 | I84: 93.078995 | J84: 0.62794058 | K84: 0.69233516 | L84: 0.63513106 | M84: 0.5739948
A85: SE45575/2020 | B85: ALSTERBYGDENS GULDBRUNA ÖGON | C85: H | D85: 2020 | E85: Ja | F85: 109.17493 | G85: 117.27288 | H85: 120.95497 | I85: 94.979787 | J85: 0.59136527 | K85: 0.65482729 | L85: 0.59539486 | M85: 0.535478
A86: SE45580/2020 | B86: ALSTERBYGDENS JACKPOT | C86: T | D86: 2020 | E86: Ja | F86: 109.36348 | G86: 123.11682 | H86: 123.47081 | I86: 91.828694 | J86: 0.5902021 | K86: 0.65440583 | L86: 0.59521768 | M86: 0.53521264
A87: SE40637/2015 | B87: ALSTERBYGDENS LILJA OF SKOJ | C87: T | D87: 2015 | E87: Ja | F87: 112.63638 | G87: 111.82797 | H87: 132.66875 | I87: 96.512721 | J87: 0.5829927 | K87: 0.64683762 | L87: 0.59224768 | M87: 0.53199285
A88: SE45578/2020 | B88: ALSTERBYGDENS LILLA VÄN | C88: T | D88: 2020 | E88: Ja | F88: 105.40834 | G88: 118.95747 | H88: 115.55889 | I88: 96.384878 | J88: 0.57499592 | K88: 0.65478181 | L88: 0.55795654 | M88: 0.48355351
... A103: SE30635/2020 | B103: ALVIDAS AURORA | C103: T | D103: 2020 | E103: Nej | F103: 96.074576 | G103: 96.64393 | H103: 107.66201 | I103: 95.227413 | J103: 0.37703148 | K103: 0.44029873 | L103: 0.38808115 | M103: 0.32248463
A104: SE54714/2021 | B104: ALVIDAS BABY DOLL | C104: T | D104: 2021 | E104: Nej | F104: 94.427895 | G104: 104.00763 | H104: 107.36749 | J104: 0.34041055 | K104: 0.40310032 | L104: 0.35211123 | M104: 0.28473843
A105: SE54711/2021 | B105: ALVIDAS BEAUTIFUL BOY | C105: H | D105: 2021 | E105: Nej | F105: 94.427895 | G105: 104.00763 | H105: 107.36749 | J105: 0.34041055 | K105: 0.40310032 | L105: 0.35211123 | M105: 0.28473843
A106: SE54712/2021 | B106: ALVIDAS BEAUTIFUL CREATURE | C106: H | D106: 2021 | E106: Nej | F106: 94.427895 | G106: 104.00763 | H106: 107.36749 | J106: 0.34041055 | K106: 0.40310032 | L106: 0.35211123 | M106: 0.28473843
A107: SE54715/2021 | B107: ALVIDAS BEFORE SUNRISE | C107: T | D107: 2021 | E107: Nej | F107: 94.427895 | G107: 104.00763 | H107: 107.36749 | J107: 0.34041055 | K107: 0.40310032 | L107: 0.35211123 | M107: 0.28473843
A108: SE54713/2021 | B108: ALVIDAS BLUE DREAM | C108: H | D108: 2021 | E108: Nej | F108: 94.427895 | G108: 104.00763 | H108: 107.36749 | J108: 0.34041055 | K108: 0.40310032 | L108: 0.35211123 | M108: 0.28473843
A109: SE40910/2024 | B109: ALVIZENS ALL MY LOVING | C109: H | D109: 2024 | E109: Nej | F109: 105.79487 | G109: 106.34769 | H109: 106.73745 | I109: 104.66799 | J109: 0.37060167 | K109: 0.42679139 | L109: 0.3794168 | M109: 0.32656972
A110: SE40911/2024 | B110: ALVIZENS BLACKBIRD | C110: H | D110: 2024 | E110: Nej | F110: 105.79487 | G110: 106.34769 | H110: 106.73745 | I110: 104.66799 | J110: 0.37060167 | K110: 0.42679139 | L110: 0.3794168 | M110: 0.32656972
A111: SE40913/2024 | B111: ALVIZENS GOLDEN SLUMBERS | C111: H | D111: 2024 | E111: Nej | F111: 105.79487 | G111: 106.34769 | H111: 106.73745 | I111: 104.66799 | J111: 0.37060167 | K111: 0.42679139 | L111: 0.3794168 | M111: 0.32656972
A112: SE40912/2024 | B112: ALVIZENS HERE COMES THE SUN | C112: H | D112: 2024 | E112: Nej | F112: 105.79487 | G112: 106.34769 | H112: 106.73745 | I112: 104.66799 | J112: 0.37060167 | K112: 0.42679139 | L112: 0.3794168 | M112: 0.32656972
A113: SE40914/2024 | B113: ALVIZENS HEY JUDE | C113: T | D113: 2024 | E113: Nej | F113: 105.79487 | G113: 106.34769 | H113: 106.73745 | I113: 104.66799 | J113: 0.37060167 | K113: 0.42679139 | L113: 0.3794168 | M113: 0.32656972
A114: SE40915/2024 | B114: ALVIZENS LUCY IN THE SKY | C114: T | D114: 2024 | E114: Nej | F114: 105.79487 | G114: 106.34769 | H114: 106.73745 | I114: 104.66799 | J114: 0.37060167 | K114: 0.42679139 | L114: 0.3794168 | M114: 0.32656972
...

Sheet Provparning
B2: PROVPARNING MENTALINDEX
B3: Ange hanens regnr | D3: =IFERROR(VLOOKUP($B4,Data!$A:$M,3,FALSE),"") | E3: Socialitet | F3: Lekfullhet | G3: Miljötrygghet | H3: Hotfullhet
D4: Avelsvärde | E4: =IF(D3="H",IF(E16>E14,E15,"Saknas"),"Saknas") -> Saknas | F4: =IF(D3="H",IF(F16>F14,F15,"Saknas"),"Saknas") -> Saknas | G4: =IF(D3="H",IF(G16>G14,G15,"Saknas"),"Saknas") -> Saknas | H4: =IF(D3="H",IF(H16>H14,H15,"Saknas"),"Saknas") -> Saknas
B5: =IFERROR(IF((VLOOKUP($B4,Data!$A:$M,3,FALSE) = "H"),(VLOOKUP($B4,Data!$A:$M,2,FALSE)),"Ingen hane hittades med angivet registreringsnr."),"Ingen hane hittades med angivet registreringsnr.") -> Ingen hane hittades med angivet registreringsnr. | D5: Säkerhet | E5: =IF(D3="H",IF(E16>E14,E16,"Saknas"),"Saknas") -> Saknas | F5: =IF(D3="H",IF(F16>F14,F16,"Saknas"),"Saknas") -> Saknas | G5: =IF(D3="H",IF(G16>G14,G16,"Saknas"),"Saknas") -> Saknas | H5: =IF(D3="H",IF(H16>H14,H16,"Saknas"),"Saknas") -> Saknas
E6: =CONCATENATE("Avelsvärdet visas inte om dess säkerhet underskrider ",I14,".",) -> Avelsvärdet visas inte om dess säkerhet underskrider 0.3.
B7: Ange tikens regnr | D7: =IFERROR(VLOOKUP($B8,Data!$A:$M,3,FALSE),"") | E7: Socialitet | F7: Lekfullhet | G7: Miljötrygghet | H7: Hotfullhet
D8: Avelsvärde | E8: =IF(D7="T",IF(E18>E14,E17,"Saknas"),"Saknas") -> Saknas | F8: =IF(D7="T",IF(F18>F14,F17,"Saknas"),"Saknas") -> Saknas | G8: =IF(D7="T",IF(G18>G14,G17,"Saknas"),"Saknas") -> Saknas | H8: =IF(D7="T",IF(H18>H14,H17,"Saknas"),"Saknas") -> Saknas
B9: =IFERROR(IF((VLOOKUP($B8,Data!$A:$M,3,FALSE) = "T"),(VLOOKUP($B8,Data!$A:$M,2,FALSE)),"Ingen tik hittades med angivet registreringsnr."),"Ingen tik hittades med angivet registreringsnr.") -> Ingen tik hittades med angivet registreringsnr. | D9: Säkerhet | E9: =IF(D7="T",IF(E18>E14,E18,"Saknas"),"Saknas") -> Saknas | F9: =IF(D7="T",IF(F18>F14,F18,"Saknas"),"Saknas") -> Saknas | G9: =IF(D7="T",IF(G18>G14,G18,"Saknas"),"Saknas") -> Saknas | H9: =IF(D7="T",IF(H18>H14,H18,"Saknas"),"Saknas") -> Saknas
E10: =CONCATENATE("Avelsvärdet visas inte om dess säkerhet underskrider ",I14,".",) -> Avelsvärdet visas inte om dess säkerhet underskrider 0.3.
D11: Preliminärt kullindex | E11: Socialitet | F11: Lekfullhet | G11: Miljötrygghet | H11: Hotfullhet
D12: Avelsvärde | E12: =IFERROR((E4+E8)/2,"Saknas") -> Saknas | F12: =IFERROR((F4+F8)/2,"Saknas") -> Saknas | G12: =IFERROR((G4+G8)/2,"Saknas") -> Saknas | H12: =IFERROR((H4+H8)/2,"Saknas") -> Saknas
E13: =CONCATENATE("Preliminärt kullindex beräknas inte om avelsvärdets säkerhet underskrider ",I14) -> Preliminärt kullindex beräknas inte om avelsvärdets säkerhet underskrider 0.3
D14: Gränsvärde | E14: 0.299 | F14: 0.299 | G14: 0.299 | H14: 0.299 | I14: 0.3
D15: Hane avelsvärde | E15: =IFERROR(VLOOKUP($B4,Data!$A:$M,6,FALSE),"Saknas") -> Saknas | F15: =IFERROR(VLOOKUP($B4,Data!$A:$M,7,FALSE),"Saknas") -> Saknas | G15: =IFERROR(VLOOKUP($B4,Data!$A:$M,8,FALSE),"Saknas") -> Saknas | H15: =IFERROR(VLOOKUP($B4,Data!$A:$M,9,FALSE),"Saknas") -> Saknas
D16: Hane säkerhet | E16: =IFERROR(VLOOKUP($B4,Data!$A:$M,10,FALSE),"Saknas") -> Saknas | F16: =IFERROR(VLOOKUP($B4,Data!$A:$M,11,FALSE),"Saknas") -> Saknas | G16: =IFERROR(VLOOKUP($B4,Data!$A:$M,12,FALSE),"Saknas") -> Saknas | H16: =IFERROR(VLOOKUP($B4,Data!$A:$M,13,FALSE),"Saknas") -> Saknas
D17: Tik avelsvärde | E17: =IFERROR(VLOOKUP($B8,Data!$A:$M,6,FALSE),"Saknas") -> Saknas | F17: =IFERROR(VLOOKUP($B8,Data!$A:$M,7,FALSE),"Saknas") -> Saknas | G17: =IFERROR(VLOOKUP($B8,Data!$A:$M,8,FALSE),"Saknas") -> Saknas | H17: =IFERROR(VLOOKUP($B8,Data!$A:$M,9,FALSE),"Saknas") -> Saknas
D18: Tik säkerhet | E18: =IFERROR(VLOOKUP($B8,Data!$A:$M,10,FALSE),"Saknas") -> Saknas | F18: =IFERROR(VLOOKUP($B8,Data!$A:$M,11,FALSE),"Saknas") -> Saknas | G18: =IFERROR(VLOOKUP($B8,Data!$A:$M,12,FALSE),"Saknas") -> Saknas | H18: =IFERROR(VLOOKUP($B8,Data!$A:$M,13,FALSE),"Saknas") -> Saknas
D19: Kull säkerhet | E19: =IFERROR(SQRT(((E5^2)+(E9^2))/4),"Saknas") -> Saknas | F19: =IFERROR(SQRT(((F5^2)+(F9^2))/4),"Saknas") -> Saknas | G19: =IFERROR(SQRT(((G5^2)+(G9^2))/4),"Saknas") -> Saknas | H19: =IFERROR(SQRT(((H5^2)+(H9^2))/4),"Saknas") -> Saknas
